TOP OF THE 1ST |
Nashville Outlaws batting - Pitching for Thunder Bay Northern Lions BC : RHP Jean-Marie Beck
|
Pitching: RHP Jean-Marie Beck
|
|
Batting: LHB Wilson Hernández
|
0-0: Swinging Strike 0-1: Ball 1-1: Swinging Strike 1-2: Ball 2-2: Strikes out swinging
|
Batting: RHB Mike Case
|
0-0: Ball 1-0: Called Strike 1-1: Ground out 4-3 (Groundball, 4, EV 85.0 MPH)
|
Batting: LHB Nikolai Volkoff
|
0-0: Ball 1-0: SINGLE (Groundball, 4D, EV 106.2 MPH)
|
Batting: RHB Javier Sierra
|
0-0: Ball 1-0: Foul Ball, location: 2F 1-1: Foul Ball, location: 2F 1-2: 2-RUN HOME RUN (Line Drive, 7D, EV 101.9 MPH), Distance : 407 ft
|
Batting: RHB Broderick Sarcoma
|
0-0: Ball 1-0: Called Strike 1-1: Ball 2-1: Swinging Strike 2-2: DOUBLE (Line Drive, 78XD, EV 107.5 MPH)
|
Batting: LHB Bartolo Soto
|
0-0: Called Strike 0-1: Ball 1-1: Ball 2-1: Called Strike 2-2: Strikes out looking
|
Top of the 1st over - 2 runs, 3 hits, 0 errors, 1 left on base; Nashville 2 - Thunder Bay 0 |
BOTTOM OF THE 1ST |
Thunder Bay Northern Lions BC batting - Pitching for Nashville Outlaws : RHP Jesús Cruz
|
Pitching: RHP Jesús Cruz
|
|
Batting: LHB Keaton Kringlen
|
0-0: Ball 1-0: Fly out, F8 (Flyball, 8LS, EV 88.1 MPH)
|
Batting: LHB Sébastien Cornu
|
0-0: Ball 1-0: Fly out, F7 (Flyball, 7LM, EV 85.0 MPH)
|
Batting: RHB Charles Josse
|
0-0: Called Strike 0-1: Ball 1-1: Foul Ball, location: 2F 1-2: SOLO HOME RUN (Flyball, 78XD, EV 103.1 MPH), Distance : 425 ft
|
Batting: RHB Jason Slaybaugh
|
0-0: Ball 1-0: Fly out, F4 (Popup, 4, EV 66.9 MPH)
|
Bottom of the 1st over - 1 run, 1 hit, 0 errors, 0 left on base; Nashville 2 - Thunder Bay 1 |
TOP OF THE 2ND |
Nashville Outlaws batting - Pitching for Thunder Bay Northern Lions BC : RHP Jean-Marie Beck
|
Batting: LHB Juan Santángel
|
0-0: Ball 1-0: Called Strike 1-1: Called Strike 1-2: Ground out U3 (Groundball, 34, EV 83.1 MPH)
|
Batting: RHB Jong-yun Rhee
|
0-0: Fly out, F8 (Flyball, 8RS, EV 88.8 MPH)
|
Batting: LHB Brian Harmon
|
0-0: SINGLE (Groundball, 56D, EV 99.4 MPH)
|
Batting: LHB Wilson Hernández
|
0-0: Ball Brian Harmon steals 2nd base 1-0: Fly out, F9 (Line Drive, 9D, EV 103.8 MPH)
|
Top of the 2nd over - 0 runs, 1 hit, 0 errors, 1 left on base; Nashville 2 - Thunder Bay 1 |
BOTTOM OF THE 2ND |
Thunder Bay Northern Lions BC batting - Pitching for Nashville Outlaws : RHP Jesús Cruz
|
Batting: LHB Gilberto Ocasio
|
0-0: Swinging Strike 0-1: Swinging Strike 0-2: Strikes out swinging
|
Batting: LHB Ramón Padilla
|
0-0: Called Strike 0-1: Fly out, F8 (Flyball, 8LM, EV 93.8 MPH)
|
Batting: LHB Yao-pang Chiang
|
0-0: Called Strike 0-1: Ball 1-1: SOLO HOME RUN (Flyball, 7LD, EV 108.1 MPH), Distance : 355 ft
|
Batting: RHB Domingo Altamirańo
|
0-0: Called Strike 0-1: Ball 1-1: Swinging Strike 1-2: Foul Ball, location: 2F 1-2: Strikes out swinging
|
Bottom of the 2nd over - 1 run, 1 hit, 0 errors, 0 left on base; Nashville 2 - Thunder Bay 2 |
TOP OF THE 3RD |
Nashville Outlaws batting - Pitching for Thunder Bay Northern Lions BC : RHP Jean-Marie Beck
|
Batting: RHB Mike Case
|
0-0: Fly out, F7 (Flyball, 7LM, EV 88.8 MPH)
|
Batting: LHB Nikolai Volkoff
|
0-0: Ball 1-0: Ball 2-0: Ball 3-0: Called Strike 3-1: SINGLE (Flyball, 89S, EV 90.6 MPH)
|
Batting: RHB Javier Sierra
|
0-0: Called Strike 0-1: Ball 1-1: Ball 2-1: Called Strike 2-2: Ball 3-2: Foul Ball, location: 2F 3-2: Foul Ball, location: 2F 3-2: DOUBLE (Line Drive, 7LD, EV 108.8 MPH) Nikolai Volkoff to third
|
Batting: RHB Broderick Sarcoma
|
0-0: Foul Ball, location: 2F 0-1: Ball 1-1: Foul Ball, location: 2F 1-2: Ball 2-2: Strikes out swinging
|
Batting: LHB Bartolo Soto
|
0-0: Called Strike 0-1: Ground out U3 (Groundball, 3, EV 100.0 MPH)
|
Top of the 3rd over - 0 runs, 2 hits, 0 errors, 2 left on base; Nashville 2 - Thunder Bay 2 |
BOTTOM OF THE 3RD |
Thunder Bay Northern Lions BC batting - Pitching for Nashville Outlaws : RHP Jesús Cruz
|
Batting: LHB Barry Flauker
|
0-0: Called Strike 0-1: Ball 1-1: Swinging Strike 1-2: Ball 2-2: Strikes out looking
|
Batting: LHB Keaton Kringlen
|
0-0: Ball 1-0: Fly out, F9 (Line Drive, 9, EV 91.9 MPH)
|
Batting: LHB Sébastien Cornu
|
0-0: SINGLE (Groundball, 34D, EV 106.9 MPH)
|
Batting: RHB Charles Josse
|
0-0: Ball 1-0: SINGLE (Groundball, 4MD, EV 95.6 MPH) Sébastien Cornu to second
|
Batting: RHB Jason Slaybaugh
|
0-0: Foul Ball, location: 2F 0-1: Ball 1-1: Foul Ball, location: 2F 1-2: Fly out, F8 (Flyball, 89XD, EV 84.4 MPH)
|
Bottom of the 3rd over - 0 runs, 2 hits, 0 errors, 2 left on base; Nashville 2 - Thunder Bay 2 |
TOP OF THE 4TH |
Nashville Outlaws batting - Pitching for Thunder Bay Northern Lions BC : RHP Jean-Marie Beck
|
Batting: LHB Juan Santángel
|
0-0: Ball 1-0: Ball 2-0: Ball 3-0: Called Strike 3-1: Ground out U3 (Groundball, 3L, EV 98.1 MPH)
|
Batting: RHB Jong-yun Rhee
|
0-0: Ball 1-0: Foul Ball, location: 2F 1-1: Fly out, F9 (Flyball, 9LD, EV 88.1 MPH)
|
Batting: LHB Brian Harmon
|
0-0: Fly out, F5 (Line Drive, 5, EV 73.1 MPH)
|
Top of the 4th over - 0 runs, 0 hits, 0 errors, 0 left on base; Nashville 2 - Thunder Bay 2 |
BOTTOM OF THE 4TH |
Thunder Bay Northern Lions BC batting - Pitching for Nashville Outlaws : RHP Jesús Cruz
|
Batting: LHB Gilberto Ocasio
|
0-0: Ball 1-0: Ball 2-0: Swinging Strike 2-1: Swinging Strike 2-2: Strikes out swinging
|
Batting: LHB Ramón Padilla
|
0-0: Called Strike 0-1: Ball 1-1: Called Strike 1-2: Foul Ball, location: 2F 1-2: Ball 2-2: Reached on error, E5 (Groundball, 56, EV 105.6 MPH)
|
Batting: LHB Yao-pang Chiang
|
0-0: Called Strike 0-1: Ball 1-1: Ball 2-1: Grounds into double play, 4-6-3 (Groundball, 4, EV 101.9 MPH)
|
Bottom of the 4th over - 0 runs, 0 hits, 1 error, 0 left on base; Nashville 2 - Thunder Bay 2 |
TOP OF THE 5TH |
Nashville Outlaws batting - Pitching for Thunder Bay Northern Lions BC : RHP Jean-Marie Beck
|
Batting: LHB Wilson Hernández
|
0-0: Fly out, F8 (Flyball, 8LD, EV 97.5 MPH)
|
Batting: RHB Mike Case
|
0-0: Ball 1-0: Called Strike 1-1: Ball 2-1: Swinging Strike 2-2: Ball 3-2: Strikes out looking
|
Batting: LHB Nikolai Volkoff
|
0-0: Called Strike 0-1: Ball 1-1: Foul Ball, location: 2F 1-2: Strikes out looking
|
Top of the 5th over - 0 runs, 0 hits, 0 errors, 0 left on base; Nashville 2 - Thunder Bay 2 |
BOTTOM OF THE 5TH |
Thunder Bay Northern Lions BC batting - Pitching for Nashville Outlaws : RHP Jesús Cruz
|
Batting: RHB Domingo Altamirańo
|
0-0: DOUBLE (Line Drive, 89D, EV 111.2 MPH)
|
Batting: LHB Barry Flauker
|
0-0: Called Strike 0-1: Fly out, F8 (Flyball, 89S, EV 90.0 MPH)
|
Batting: LHB Keaton Kringlen
|
0-0: Ball 1-0: Ball 2-0: Foul Ball, location: 2F 2-1: Fly out, F8 (Flyball, 89XD, EV 102.5 MPH)
|
Batting: LHB Sébastien Cornu
|
0-0: Ball 1-0: Foul Ball, location: 2F 1-1: Swinging Strike 1-2: 2-RUN HOME RUN (Flyball, 9LD, EV 108.8 MPH), Distance : 334 ft
|
Batting: RHB Charles Josse
|
0-0: Called Strike 0-1: Ball 1-1: Ball 2-1: Called Strike 2-2: Ground out 6-3 (Groundball, 6, EV 86.2 MPH)
|
Bottom of the 5th over - 2 runs, 2 hits, 0 errors, 0 left on base; Nashville 2 - Thunder Bay 4 |
TOP OF THE 6TH |
Nashville Outlaws batting - Pitching for Thunder Bay Northern Lions BC : RHP Jean-Marie Beck
|
Batting: RHB Javier Sierra
|
0-0: Ball 1-0: Fly out, F8 (Line Drive, 8RD, EV 105.6 MPH)
|
Batting: RHB Broderick Sarcoma
|
0-0: Called Strike 0-1: Fly out, F7 (Flyball, 7LMF, EV 94.4 MPH)
|
Pitching: LHP Mannus Dijkman
|
|
Batting: LHB Bartolo Soto
|
0-0: Ball 1-0: Called Strike 1-1: Called Strike 1-2: Strikes out swinging
|
Top of the 6th over - 0 runs, 0 hits, 0 errors, 0 left on base; Nashville 2 - Thunder Bay 4 |
BOTTOM OF THE 6TH |
Thunder Bay Northern Lions BC batting - Pitching for Nashville Outlaws : RHP Jesús Cruz
|
Batting: RHB Jason Slaybaugh
|
0-0: Swinging Strike 0-1: Ball 1-1: Foul Ball, location: 2F 1-2: Foul Ball, location: 2F 1-2: Foul Ball, location: 2F 1-2: Ball 2-2: Foul Ball, location: 2F 2-2: Fly out, F7 (Flyball, 78D, EV 96.2 MPH)
|
Batting: LHB Gilberto Ocasio
|
0-0: Called Strike 0-1: SOLO HOME RUN (Flyball, 89XD, EV 98.1 MPH), Distance : 400 ft
|
Pitching: RHP Lorenzo Fabián
|
|
Batting: LHB Ramón Padilla
|
0-0: SINGLE (Line Drive, 9S, EV 106.2 MPH)
|
Batting: LHB Yao-pang Chiang
|
0-0: Ball 1-0: Ball 2-0: Ball 3-0: Called Strike 3-1: SINGLE (Line Drive, 4MD, EV 98.8 MPH) Ramón Padilla to second
|
Batting: RHB Domingo Altamirańo
|
0-0: Ball 1-0: Called Strike 1-1: Ball 2-1: Called Strike 2-2: Grounds into double play, 4-6-3 (Groundball, 4M, EV 85.6 MPH)
|
Bottom of the 6th over - 1 run, 3 hits, 0 errors, 1 left on base; Nashville 2 - Thunder Bay 5 |
TOP OF THE 7TH |
Nashville Outlaws batting - Pitching for Thunder Bay Northern Lions BC : LHP Mannus Dijkman
|
Batting: LHB Juan Santángel
|
0-0: Ball 1-0: Called Strike 1-1: Foul Ball, location: 2F 1-2: Strikes out swinging
|
Batting: RHB Jong-yun Rhee
|
0-0: Ball 1-0: Foul Ball, location: 2F 1-1: Foul Ball, location: 2F 1-2: Ball 2-2: Fly out, F9 (Line Drive, 9, EV 84.4 MPH)
|
Batting: LHB Brian Harmon
|
0-0: SINGLE (Groundball, 34D, EV 107.5 MPH)
|
Batting: LHB Wilson Hernández
|
0-0: Ground out U3 (Groundball, 3L, EV 84.4 MPH)
|
Top of the 7th over - 0 runs, 1 hit, 0 errors, 1 left on base; Nashville 2 - Thunder Bay 5 |
BOTTOM OF THE 7TH |
Thunder Bay Northern Lions BC batting - Pitching for Nashville Outlaws : RHP Lorenzo Fabián
|
Batting: LHB Barry Flauker
|
0-0: SINGLE (Line Drive, 56, EV 105.0 MPH)
|
Batting: LHB Keaton Kringlen
|
0-0: Ball 1-0: Ball Barry Flauker steals 2nd base 2-0: Ball 3-0: Base on Balls
|
Batting: LHB Sébastien Cornu
|
0-0: Ball 1-0: Bunted foul 1-1: Bunt - Flyout to 13! F1
|
Batting: RHB Charles Josse
|
0-0: Ball 1-0: Called Strike 1-1: Called Strike 1-2: Ball 2-2: SINGLE (Groundball, 34D, EV 100.6 MPH) Barry Flauker to third Keaton Kringlen to second Runner from 3rd tries for Home, SAFE, throw by RF to home
|
Batting: RHB Jason Slaybaugh
|
0-0: Fly out, F9 (Flyball, 9LS, EV 78.1 MPH)
|
Batting: LHB Gilberto Ocasio
|
0-0: Fly out, F6 (Flyball, 56D, EV 90.0 MPH)
|
Bottom of the 7th over - 1 run, 2 hits, 0 errors, 2 left on base; Nashville 2 - Thunder Bay 6 |
TOP OF THE 8TH |
Nashville Outlaws batting - Pitching for Thunder Bay Northern Lions BC : LHP Mannus Dijkman
|
Batting: RHB Mike Case
|
0-0: Called Strike 0-1: Ball 1-1: Ball 2-1: Ball 3-1: Foul Ball, location: 2F 3-2: Base on Balls
|
Batting: LHB Nikolai Volkoff
|
0-0: Foul Ball, location: 2F 0-1: Swinging Strike 0-2: Foul Ball, location: 2F 0-2: Ball 1-2: SINGLE (Line Drive, 78M, EV 84.4 MPH) Mike Case to second
|
Batting: RHB Javier Sierra
|
0-0: Called Strike 0-1: Swinging Strike 0-2: Strikes out swinging
|
Batting: RHB Broderick Sarcoma
|
0-0: Foul Ball, location: 2F 0-1: Fly out, F4 (Flyball, 34D, EV 91.2 MPH)
|
Batting: LHB Bartolo Soto
|
0-0: Swinging Strike 0-1: Ball 1-1: SINGLE (Groundball, 4MD, EV 98.1 MPH) Mike Case to third Nikolai Volkoff to second Runner from 3rd tries for Home, SAFE, no throw by CF
|
Pitching: LHP Peace Addo
|
|
Batting: LHB Juan Santángel
|
0-0: Ball 1-0: Ball 2-0: Swinging Strike 2-1: Ground out 4-3 (Groundball, 4, EV 80.0 MPH)
|
Top of the 8th over - 1 run, 2 hits, 0 errors, 2 left on base; Nashville 3 - Thunder Bay 6 |
BOTTOM OF THE 8TH |
Thunder Bay Northern Lions BC batting - Pitching for Nashville Outlaws : RHP Lorenzo Fabián
|
Batting: LHB Ramón Padilla
|
0-0: Called Strike 0-1: SINGLE (Groundball, 6MD, EV 98.8 MPH)
|
Batting: LHB Yao-pang Chiang
|
0-0: Foul Ball, location: 2F 0-1: Called Strike 0-2: Ball 1-2: Foul Ball, location: 2F 1-2: Foul Ball, location: 2F 1-2: Grounds into double play, 6-4-3 (Groundball, 6, EV 81.2 MPH)
|
Batting: RHB Domingo Altamirańo
|
0-0: Ball 1-0: Swinging Strike 1-1: Ball 2-1: Ball 3-1: Called Strike 3-2: Foul Ball, location: 2F 3-2: Foul Ball, location: 2F 3-2: Foul Ball, location: 2F 3-2: Foul Ball, location: 2F 3-2: SINGLE (Line Drive, 78S, EV 100.6 MPH)
|
Pitching: LHP Ricardo Ruíz
|
|
Batting: LHB Barry Flauker
|
0-0: Ball 1-0: Foul Ball, location: 2F 1-1: Ball 2-1: SINGLE (Groundball, 6MD, EV 102.5 MPH) Domingo Altamirańo to second Runner from 2nd tries for 3rd, OUT! 8-5
|
Bottom of the 8th over - 0 runs, 3 hits, 0 errors, 1 left on base; Nashville 3 - Thunder Bay 6 |
TOP OF THE 9TH |
Nashville Outlaws batting - Pitching for Thunder Bay Northern Lions BC : LHP Peace Addo
|
Pitching: RHP Miguel Rodríguez
|
|
Batting: RHB Jong-yun Rhee
|
0-0: Ball 1-0: Swinging Strike 1-1: Ball 2-1: Called Strike 2-2: Ball 3-2: Ground out 6-3 (Groundball, 6, EV 88.8 MPH)
|
Batting: LHB Brian Harmon
|
0-0: Ball 1-0: Ball 2-0: Ball 3-0: Base on Balls
|
Batting: LHB Wilson Hernández
|
0-0: Called Strike 0-1: SINGLE (Line Drive, 9LS, EV 104.4 MPH) Brian Harmon to second
|
Batting: RHB Mike Case
|
0-0: Called Strike 0-1: Swinging Strike 0-2: Ball 1-2: Strikes out swinging
|
Batting: LHB Nikolai Volkoff
|
0-0: Called Strike 0-1: Ball 1-1: Foul Ball, location: 2F 1-2: Ball 2-2: Strikes out swinging
|
Top of the 9th over - 0 runs, 1 hit, 0 errors, 2 left on base; Nashville 3 - Thunder Bay 6 |
|